 Dungeon Crawl Stone Soup version 0.25.0-11-g1f837a7 (webtiles) character file.

Game seed: 10896389181028989080

161 sieger the Cutter (level 5, 0/35 HPs)
             Began as a Halfling Warper on June 27, 2020.
             Was an Initiate of Okawaru.
             Succumbed to an adder's poison
             ... on level 3 of the Dungeon.
             The game lasted 00:15:25 (3102 turns).

sieger the Cutter (Halfling Warper)                 Turns: 3102, Time: 00:15:25

Health: 0/35       AC:  5    Str: 13    XL:     5   Next: 70%
Magic:  7/7        EV: 14    Int: 11    God:    Okawaru [......]
Gold:   120        SH:  0    Dex: 14    Spells: 7/7 levels left

rFire    . . .     SeeInvis .   a - +0 short sword
rCold    . . .     Gourm    .   (shield restricted)
rNeg     . . .     Faith    .   k - +0 ring mail
rPois    .         Spirit   .   (no helmet)
rElec    .         Reflect  .   (no cloak)
rCorr    .         Harm     .   (no gloves)
MR       .....                  (no boots)
Stlth    +.........             (no amulet)
HPRegen  0.11/turn              (no ring)
MPRegen  0.10/turn              (no ring)

@: lethally poisoned (0 -> -3)
A: small, mutation resistance 1
a: Renounce Religion


You were on level 3 of the Dungeon.
You worshipped Okawaru.
Okawaru was noncommittal.
You were hungry.

You visited 1 branch of the dungeon, and saw 3 of its levels.

You collected 120 gold pieces.

Inventory:

Hand Weapons
 a - a +0 short sword (weapon)
Missiles
 h - 23 stones (quivered)
Armour
 b - a +0 leather armour
 k - a +0 ring mail (worn)
Scrolls
 d - a scroll of blinking
 e - a scroll of immolation {unknown}
 f - 2 scrolls of fog {unknown}
 g - 3 scrolls of teleportation
 i - a scroll of remove curse
 m - a scroll of magic mapping {unknown}
 r - a scroll of identify
Potions
 j - a potion of might {unknown}
 l - 2 potions of mutation {unknown}
 n - a potion of resistance {unknown}
 o - a potion of lignification {unknown}
 p - a potion of flight {unknown}
 s - a potion of brilliance {unknown}
Comestibles
 q - 3 rations


   Skills:
 + Level 2.7 Fighting
 + Level 3.5 Short Blades
 + Level 2.3 Throwing
 + Level 2.6 Armour
 + Level 3.2 Dodging
 - Level 1.5 Spellcasting
   Level 3.2 Translocations


You had 7 spell levels left.
You didn't know any spells.
Your spell library contained the following spells:

 Spells                   Type           Power        Failure   Level  Hunger
 Blink                    Tloc           N/A          24%         2    ###....
 Shroud of Golubria       Chrm/Tloc      #.....       43%         2    ###....
 Gell's Gravitas          Tloc           #.........   43%         3    ####...
 Lesser Beckoning         Tloc           #.........   43%         3    ####...
 Teleport Other           Tloc           #.......     43%         3    ####...
 Passage of Golubria      Tloc           N/A          85%         4    #####..
 Cause Fear               Hex            #.........   99%         4    #####..
 Silence                  Hex/Air        #.........   100%        5    ######.
 Yara's Violent Unravell  Hex/Tmut       #.........   100%        5    ######.
 Discord                  Hex            #.........   100%        8    #######


Dungeon Overview and Level Annotations

Branches:
Dungeon (3/15)

Altars:
Dithmenos
Okawaru


Innate Abilities, Weirdness & Mutations

You are small and have problems with some larger weapons.
You are somewhat resistant to further mutation.


Message History

You feel sick. The rat misses you.
You closely miss the rat.
The rat is severely wounded.
The rat bites you.
* * * LOW HITPOINT WARNING * * *
You hit the rat.
You kill the rat!
Okawaru accepts your kill.
* * * LOW HITPOINT WARNING * * *
You feel sick.
The goblin shoots a stone.
The stone hits you.
* * * LOW HITPOINT WARNING * * *
The goblin unwields a +0 hunting sling.
The goblin wields a +0 dagger.
The goblin hits you but does no damage.
You see here an adder corpse.
You barely miss the goblin.
You are feeling hungry.
The goblin hits you with a +0 dagger.
* * * LOW HITPOINT WARNING * * *
You closely miss the goblin.
You die...

### ..# # #.#
.## ###.##..#
### #(......# ..
#.<.....### #.
#..........
#.####......#...
#..@g#(.....#
####(..........
###.....(#...
#......# ..
#......# .
##..#....
#.##.... .# .#.
.#


You could see a goblin.

Vanquished Creatures
  Jessica (D:2)
  4 gnolls
  5 adders
  A worm (D:2)
  A dart slug (D:2)
  A leopard gecko (D:2)
  A ball python (D:1)
  A giant cockroach (D:1)
  4 goblins (D:2)
  4 hobgoblins
  4 jackals (D:1)
  A quokka (D:2)
  7 bats
  7 kobolds
  7 rats
49 creatures vanquished.

Vanquished Creatures (others)
  5 plants (D:2)
5 creatures vanquished.

Grand Total: 54 creatures vanquished

Notes
Turn   | Place    | Note
-------+----------+-------------------------------------------
     0 | D:1      | sieger the Halfling Warper began the quest for the Orb.
     0 | D:1      | Reached XP level 1. HP: 14/14 MP: 3/3
   191 | D:1      | Reached XP level 2. HP: 18/19 MP: 4/4
   603 | D:2      | Reached XP level 3. HP: 24/24 MP: 5/5
   655 | D:2      | Noticed an ogre
  1030 | D:2      | Reached XP level 4. HP: 26/29 MP: 6/6
  1817 | D:2      | Reached XP level 5. HP: 14/35 MP: 7/7
  2135 | D:2      | Found a shadowy altar of Dithmenos.
  2492 | D:2      | Noticed Jessica
  2515 | D:2      | Killed Jessica
  2867 | D:2      | Found an iron altar of Okawaru.
  2871 | D:2      | Became a worshipper of Warmaster Okawaru
  3101 | D:3      | HP: 1/35 [goblin/+0 dagger (1)]
  3102 | D:3      | Succumbed to an adder's poison

Illustrated notes

Levels and vault maps discovered:
D:1:      lemuel_arrival_broad_hall, layout_rooms
D:2:      mumra_celtic_spiral_tile, layout_basic, marbit_many_paths,
          grunt_dithmenos_smoke, hangedman_decor_lopped, serial_bayou_pond_c,
          uniq_jessica
D:3:      layout_rooms, first_ration, uniq_sigmund, uniq_natasha, uniq_ijyb

Skill      XL: |  1  2  3  4 |
---------------+-------------+-----
Fighting       | 2 |  2.7
Short Blades   | 3 |  3.5
Armour         | 2 |  2.6
Throwing       | 2 |  2.3
Dodging        | 3 |  3.2
Spellcasting   | |  1.5
Translocations | |  3.2

Action                   |  1- 3 |  4- 6 || total
-------------------------+-------+-------++-------
Melee: Short sword       |   110 |   175 ||   285
Throw: Stone             |     9 |    14 ||    23
       Boomerang         |     5 |       ||     5
  Use: Scroll            |     3 |       ||     3
       Potion            |       |     3 ||     3
  Eat: Ration            |       |     2 ||     2
Armor: Leather armour    |    18 |       ||    18
       Ring mail         |    52 |    48 ||   100
Dodge: Dodged            |   164 |    93 ||   257
